 Dungeon Crawl Stone Soup version 0.31-a0-277-g31ea1f65cc (webtiles) character file.

Game seed: 14093213066792271165

7147 Newt the Markskobold (level 11, -9/71 HPs)
             Began as a Kobold Hunter on July 15, 2023.
             Mangled by an elephant (14 damage)
             ... on level 8 of the Dungeon.
             The game lasted 00:09:13 (9746 turns).

Newt the Markskobold (Kobold Hunter)                Turns: 9746, Time: 00:09:13

Health: -9/71      AC:  7    Str:  8    XL:     11   Next: 31%
Magic:  0/11       EV: 18    Int: 12    God:
Gold:   246        SH:  0    Dex: 22    Spells: 10/10 levels left

rFire   + . .        a - +1 shortbow (freeze)
rCold   . . .        (shield currently unavailable)
rNeg    . . .        c - +0 leather armour
rPois   +            (no helmet)
rElec   .            x - +1 cloak
rCorr   .            (no gloves)
SInv    .            s - +0 pair of boots
Will    .....        w - amulet of guardian spirit
Stlth   +++          b - ring of poison resistance
HPRegen 0.31/turn    z - ring of protection from fire
MPRegen 0.12/turn

%: guardian spirit
@: no status effects
A: small, no large weapons, nightstalker 3
a: no special abilities


You were on level 8 of the Dungeon.
You visited 3 branches of the dungeon, and saw 11 of its levels.

You collected 389 gold pieces.
You spent 143 gold pieces at shops.

Inventory:

Hand Weapons
 a - a +1 shortbow of freezing (weapon)
Armour
 c - a +0 leather armour (worn)
 j - a +0 cloak
 s - a +0 pair of boots (worn)
 u - the +1 ring mail of the Lumpy Mouths {rPois}
   (You found it on level 6 of the Dungeon)

   rPois:     It protects you from poison.
 x - a +1 cloak (worn)
Jewellery
 b - a ring of poison resistance (left hand)
 r - a ring of resist corrosion
 w - an amulet of guardian spirit (around neck)
 z - a ring of protection from fire (right hand)
 E - a ring of magical power
Wands
 k - a wand of mindburst (7)
 m - a wand of charming (9)
 t - a wand of flame (38)
 y - a wand of polymorph (9)
Scrolls
 o - a scroll of enchant weapon
 p - a scroll of identify
 A - 3 scrolls of revelation
 B - a scroll of teleportation
 C - a scroll of fog
Potions
 d - a potion of haste
 e - a potion of cancellation
 f - a potion of berserk rage
 g - 3 potions of curing
 i - 3 potions of attraction
 l - a potion of might
 n - 2 potions of enlightenment {unknown}
 q - a potion of invisibility
 v - a potion of resistance


   Skills:
 - Level 9.0 Fighting
 - Level 16.0 Ranged Weapons
 - Level 5.0 Armour
 - Level 6.0 Dodging
 - Level 1.3 Stealth
 + Level 5.0 Evocations


You had 10 spell levels left.
You didn't know any spells.
Your spell library contained the following spells:

 Spells                   Type           Power      Damage    Failure   Level
 Apportation              Tloc           0%         N/A       41%         1
 Magic Dart               Conj           0%         1d3       41%         1
 Necrotise                Necr           0%         1d4       41%         1
 Summon Small Mammal      Summ           0%         N/A       41%         1
 Cigotuvi's Dreadful Rot  Necr/Pois/Air  0%         N/A       56%         2
 Searing Ray              Conj           0%         2d4       56%         2
 Gell's Gravitas          Tloc           0%         N/A       80%         3
 Ignite Poison            Fire/Tmut/Pois 0%         N/A       80%         3
 Ozocubu's Armour         Ice            0%         N/A       80%         3
 Teleport Other           Tloc           0%         N/A       80%         3
 Fulminant Prism          Conj/Hex       0%         3d5       99%         4
 Freezing Cloud           Conj/Ice/Air   0%         6-21      100%        5
 Dispersal                Tloc           0%         N/A       100%        6
 Ozocubu's Refrigeration  Ice            0%         4d7       100%        7


Dungeon Overview and Level Annotations

Branches:
Dungeon (9/15)             Temple (1/1) D:5            Lair (1/5) D:8
    Orc: D:9-12

Altars:
Cheibriados
Dithmenos
Gozag
Kikubaaqudgha
Makhleb
Nemelex Xobeh
Okawaru
Qazlal
Sif Muna
Trog
Uskayaw
Vehumet
Wu Jian
Xom
Yredelemnul
Zin

Shops:
D:3 ?   D:4 ***[(

Annotations:
D:3 2 transporters, Iniera's ghost, weakling KoMo


Innate Abilities, Weirdness & Mutations

You are small and have problems with some larger weapons.
You are completely attuned to the shadows.


Message History

You feel much better. The elephant closely misses you. x2
Unknown command.
You shoot an arrow. The arrow hits the elephant!
The arrow freezes the elephant.
The elephant is heavily wounded.
The elephant tramples you!
* * * LOW HITPOINT WARNING * * *
You stumble backwards!
You shoot an arrow.
The arrow hits the elephant but does no damage.
The elephant is heavily wounded.
The elephant tramples you!
* * * LOW HITPOINT WARNING * * *
You stumble backwards!
Unknown command.
You shoot an arrow. The arrow hits the elephant.
The arrow freezes the elephant.
The elephant is heavily wounded.
The elephant barely misses you. The elephant closely misses you.
Unknown command.
You shoot an arrow. The arrow hits the elephant.
The arrow freezes the elephant.
The elephant is heavily wounded.
Unknown command.
You shoot an arrow.
The arrow completely misses the elephant.
The elephant closely misses you. The elephant trunk-slaps you.
* * * LOW HITPOINT WARNING * * *
Unknown command.
You shoot an arrow. The arrow hits the elephant.
The arrow freezes the elephant.
The elephant is heavily wounded.
The elephant barely misses you.
The elephant trunk-slaps you but does no damage.
Unknown command.
You shoot an arrow.
The arrow hits the elephant but does no damage.
The elephant is heavily wounded.
The elephant tramples you!
You die...

#......)....#
#....)).....#
#...........'
#...........#
######..........#
###...##...........
###♣......#...........
##P.....P..+...........
##P....@.........##.....
###......Y♣...♣.#####.....
#....P........♣...........
#.......P.P♣..............
#.PP..♣P..................
#.....P.P>.........)......
##..P................[....
#P.PPP.............[.....
##......PP..............#


You could see an elephant.

Vanquished Creatures
  Pikel (D:5)
  An elephant (Lair:1)
  A torpor snail (Lair:1)
  Prince Ribbit (D:8)
  Grinder (D:6)
  4 dream sheep (Lair:1)
  10 yaks
  2 wyverns
  A basilisk (D:8)
  7 water moccasins
  An ice beast (D:6)
  A sky beast (D:7)
  A black bear (D:8)
  A centaur (D:8)
  A phantom (D:5)
  3 kobold brigands (D:7)
  A gnoll sergeant (D:5)
  3 bullfrogs
  4 scorpions
  4 killer bees (D:9)
  5 howler monkeys
  5 hounds
  5 orc priests
  A jelly (D:7)
  Crazy Yiuf (D:6)
  A sleepcap (D:6)
  5 iguanas
  6 orc wizards
  7 adders
  4 gnolls (D:5)
  2 ufetubi
  A worm (D:5)
  30 orcs
  2 ball pythons (D:1)
  5 endoplasms
  3 giant cockroaches
  4 goblins (D:1)
  9 hobgoblins
  8 jackals
  2 quokkas
  5 bats
  4 frilled lizards
  22 kobolds
  8 rats
194 creatures vanquished.

Notes
Turn   | Place    | Note
-------+----------+-------------------------------------------
     0 | D:1      | Newt the Kobold Hunter began the quest for the Orb.
     0 | D:1      | Reached XP level 1. HP: 12/12 MP: 1/1
   181 | D:1      | Reached XP level 2. HP: 18/18 MP: 2/2
   486 | D:1      | Reached XP level 3. HP: 23/23 MP: 3/3
  1110 | D:2      | Reached XP level 4. HP: 22/29 MP: 4/4
  1453 | D:2      | Reached skill level 6 in Ranged Weapons
  1786 | D:3      | Found an iron altar of Okawaru.
  1836 | D:3      | Reached XP level 5. HP: 33/33 MP: 5/5
  1920 | D:3      | Reached skill level 7 in Ranged Weapons
  2197 | D:3      | Found a transporter.
  2250 | D:3      | Found a burning altar of Makhleb.
  2418 | D:3      | Found a transporter.
  2418 | D:3      | Noticed Iniera's ghost (weakling KoMo)
  2611 | D:3      | Found The Oracle's Delphic Readings.
  2615 | D:3      | Bought a scroll of identify for 28 gold pieces
  2862 | D:4      | Reached XP level 6. HP: 26/38 MP: 6/6
  2876 | D:4      | Reached skill level 8 in Ranged Weapons
  3087 | D:4      | Found Puim's Assorted Antiques.
  3089 | D:4      | Found Gefigaf's Assorted Antiques.
  3092 | D:4      | Bought a scroll labelled BIUZXUEMUS for 21 gold pieces
  3092 | D:4      | Bought a scroll labelled ZEEPTYXEG for 21 gold pieces
  3092 | D:4      | Bought a scroll labelled BOROZEHOTZ for 21 gold pieces
  3094 | D:4      | Bought a scroll of identify for 52 gold pieces
  3147 | D:4      | Found Ura Irphozukh's Assorted Antiques.
  3366 | D:4      | Found Wijoel's Weapon Shoppe.
  3459 | D:4      | Found a transporter.
  3534 | D:4      | Found an opulent altar of Gozag.
  3602 | D:4      | Found a transporter.
  3606 | D:4      | Found Umauxtuj's Antique Armour Boutique.
  3654 | D:5      | Entered Level 5 of the Dungeon
  3663 | D:5      | Reached skill level 9 in Ranged Weapons
  3779 | D:5      | Found a staircase to the Ecumenical Temple.
  3784 | D:5      | Reached XP level 7. HP: 31/43 MP: 7/7
  3786 | Temple   | Entered the Ecumenical Temple
  4257 | D:5      | Noticed Pikel
  4264 | D:5      | Killed Pikel
  4265 | D:5      | Reached skill level 10 in Ranged Weapons
  4265 | D:5      | Reached XP level 8. HP: 23/48 MP: 8/8
  4597 | D:5      | Reached skill level 5 in Fighting
  5544 | D:6      | Noticed Grinder
  5552 | D:6      | Killed Grinder
  5553 | D:6      | Reached skill level 11 in Ranged Weapons
  5761 | D:6      | Reached XP level 9. HP: 45/55 MP: 9/9
  5876 | D:6      | Found a runed translucent door.
  5879 | D:6      | Noticed Crazy Yiuf
  5973 | D:6      | Reached skill level 12 in Ranged Weapons
  5994 | D:6      | Identified the +1 ring mail of the Lumpy Mouths {rPois}
  6168 | D:6      | Killed Crazy Yiuf
  6173 | D:6      | Identified the +1 hammer of Exoneration {drain, Str+6}
  6389 | D:7      | Reached skill level 13 in Ranged Weapons
  6636 | D:6      | Reached skill level 14 in Ranged Weapons
  7111 | D:7      | Reached XP level 10. HP: 22/64 MP: 10/10
  8098 | D:8      | Identified the +10 flail "Igogruuz" {elec, rF- rN+ Will++
                  | Stlth+}
  8196 | D:8      | Identified the +4 long sword "Gutwe" {heavy, Dex+3}
  8324 | D:8      | Noticed Prince Ribbit
  8336 | D:8      | Killed Prince Ribbit
  8419 | D:8      | Reached skill level 15 in Ranged Weapons
  8486 | D:8      | Reached skill level 16 in Ranged Weapons
  8493 | D:8      | Reached skill level 1 in Armour
  8498 | D:8      | HP: 2/66 [yak (11)]
  8952 | D:8      | Found a staircase to the Lair.
  9070 | D:9      | Reached XP level 11. HP: 71/71 MP: 11/11
  9216 | Lair:1   | Entered Level 1 of the Lair of Beasts
  9254 | Lair:1   | Reached skill level 5 in Armour
  9254 | Lair:1   | Reached skill level 1 in Evocations
  9664 | Lair:1   | Noticed an elephant
  9664 | Lair:1   | Noticed an elephant
  9665 | Lair:1   | Noticed an elephant
  9707 | Lair:1   | Killed an elephant
  9708 | Lair:1   | Reached skill level 5 in Evocations
  9746 | D:8      | Mangled by an elephant

Illustrated notes

Levels and vault maps discovered:
D:1:      dpeg_cavernosity, layout_basic
D:2:      layout_loops_ring
D:3:      layout_basic, mainiacjoe_overflow_catwalk_spiral,
          gammafunk_ghost_arena, nicolae_nh_oracle_at_delphi
D:4:      layout_rooms, grunt_gozag_statues, serial_shops, shop,
          nicolae_shop_drivethru, nicolae_shop_statue_plus,
          nicolae_shop_hallway_plus, shop, minivault_27, minmay_misc_feat_cross
D:5:      layout_basic, minmay_temple_entry_statues_fountains,
          corexii_leaking_fountain, uniq_pikel
D:6:      layout_rooms, uniq_grinder, uniq_crazy_yiuf_cottage
D:7:      layout_cave_pools, grunt_tough_drop
D:8:      layout_gridville, minmay_lair_entry_grove, uniq_prince_ribbit1
D:9:      layout_loops_ring, orc_0_dummy, serial_shops, shop,
          dreamdust_princess_corridor
Temple:   oiseaux_autumnal_temple
Lair:1:   layout_regular_city

Skill      XL: |  1  2  3  4  5  6  7  8  9 10 11 |
---------------+----------------------------------+-----
Fighting       | 3 4 6 8 9 |  9.0
Ranged Weapons | 6 7 9 10 11 14 16 | 16.0
Dodging        | 6 |  6.0
Armour         | 3 5 |  5.0
Evocations     | 5 |  5.0
Stealth        | |  1.3

Action                     |  1- 3 |  4- 6 |  7- 9 | 10-12 || total
---------------------------+-------+-------+-------+-------++-------
  Melee: Shortbow          |       |       |     1 |       ||     1
   Fire: Shortbow          |    94 |   134 |   248 |   283 ||   759
    Use: Scroll            |       |    15 |       |     7 ||    22
         Potion            |       |       |       |     8 ||     8
 Armour: Leather armour    |    15 |    13 |    22 |    33 ||    83
  Dodge: Dodged            |    41 |    55 |   115 |   165 ||   376

Table legend: (Time is in decaauts)
 A = Elapsed time spent in this place.
 B = Non-inter-level travel time spent in this place.
 C = Inter-level travel time spent in this place.
 D = Time resting spent in this place.
 E = Time spent auto-exploring this place.
 F = Levels seen in this place.
 G = Mean time per level.
                   A        B        C        D        E       F      G
               +--------+--------+--------+--------+--------+-----+--------+
         Total |   9695 |   9227 |    468 |   2132 |   5909 |  11 |  881.4 |
       Dungeon |   8774 |   8338 |    436 |   1895 |   5371 |   9 |  974.9 |
        Temple |    415 |    384 |     31 |      0 |    369 |   1 |  415.0 |
          Lair |    505 |    505 |      0 |    237 |    168 |   1 |  505.0 |
               +--------+--------+--------+--------+--------+-----+--------+

Top non-repeatable levels by time:
     D:5: 1482 daAuts
     D:6: 1458 daAuts
     D:8: 1135 daAuts
     D:7: 992 daAuts
     D:4: 965 daAuts
     D:1: 950 daAuts
     D:3: 919 daAuts
     D:2: 846 daAuts
  Lair:1: 505 daAuts
  Temple: 415 daAuts
     D:9: 23 daAuts
